 Dungeon Crawl Stone Soup version 0.19-a0-1905-ge8b2aad (webtiles) character file.

231 Naow the Shield-Bearer (level 6, -12/63 HPs)
             Began as a Formicid Fighter on Oct 21, 2016.
             Mangled by Ijyb
             ... wielding a +1 dagger of electrocution
              (19 damage)
             ... on level 2 of the Dungeon.
             The game lasted 00:01:46 (1116 turns).

Naow the Shield-Bearer (Formicid Fighter)           Turns: 1116, Time: 00:01:47

Health: -12/63     AC:  6    Str: 21    XL:     6   Next: 24%
Magic:  6/6        EV:  7    Int:  9    God:
Gold:   107        SH:  0    Dex: 10    Spells: 0 memorised, 5 levels left

rFire  . . .     SeeInvis .     (weapon currently unavailable)
rCold  . . .     Gourm    .     (armour currently unavailable)
rNeg   . . .     Faith    .     (shield currently unavailable)
rPois  +         Spirit   .     (helmet unavailable)
rElec  .         Reflect  .     (cloak currently unavailable)
rCorr  .         Harm     .     (gloves currently unavailable)
MR     .....                    (boots currently unavailable)
Stlth  +.........               k - amulet of regeneration
                                (no ring)
                                (no ring)

@: hydra-form (expiring)
A: permanent stasis, dig shafts and tunnels, four strong arms, (antennae 0)
a: no special abilities


You were on level 2 of the Dungeon.
You were not hungry.
You were a one-headed hydra.
You visited 1 branch of the dungeon, and saw 2 of its levels.

You collected 107 gold pieces.

Inventory:

Hand Weapons
 a - a +0 war axe (melded)
Armour
 b - a +0 scale mail (melded)
 c - a +0 shield (melded)
Jewellery
 k - an amulet of regeneration (around neck)
 m - an uncursed amulet of magic regeneration {unknown}
Scrolls
 e - a scroll of identify {unknown}
 h - a scroll of immolation {unknown}
 i - a scroll of noise {unknown}
 j - a scroll of enchant weapon {unknown}
 l - a scroll of recharging {unknown}
Comestibles
 f - 3 bread rations
 g - 2 chunks of flesh


   Skills:
 + Level 4.7 Fighting
 * Level 4.1 Axes
 - Level 3.4 Armour
 + Level 5.0 Shields


You had 5 spell levels left.
You didn't know any spells.

Dungeon Overview and Level Annotations

Branches:
Dungeon (2/15)

Altars:

Annotations:
D:2 Ijyb


Innate Abilities, Weirdness & Mutations

You are under a permanent stasis effect.
You can dig through walls and to a lower floor.
Your four strong arms can wield two-handed weapons with a shield.
((You have a pair of large antennae on your head. (SInv)))


Message History

Your transformation is almost over.
Ijyb barely misses you.
You nip at Ijyb.
Ijyb is heavily wounded.
Ijyb hits you with a dagger of electrocution.
You are electrocuted!
You closely miss Ijyb.
Ijyb is heavily wounded.
Ijyb hits you but does no damage.
You barely miss Ijyb.
Ijyb is heavily wounded.
Ijyb hits you but does no damage.
You are electrocuted!
You nip at Ijyb.
Ijyb is heavily wounded.
Ijyb hits you with a dagger of electrocution.
You are electrocuted!
* * * LOW HITPOINT WARNING * * *
You aren't carrying any potions.
Ijyb hits you but does no damage.
You are electrocuted!
You die...

#.######.##### #.#
#...# #.# #...#####
#.# #..^....(
#######.######.######
#...)..........#
#.##...........# #
#g##.#####..# #D##.#
#..######
#.##.#####........
#(................
#####.####..#####.
##...###..#
###.#.#.##..#
............#
##.#.#.###.# . #...##
#.# .


You could see Ijyb.

Vanquished Creatures
  Sigmund (D:2)
  Jessica (D:2)
  An adder (D:2)
  2 worms (D:2)
  2 dart slugs (D:1)
  A leopard gecko (D:1)
  2 bats
  A giant cockroach (D:2)
  3 goblins
  4 hobgoblins
  A ball python (D:1)
  2 frilled lizards (D:1)
  3 kobolds
  5 rats
29 creatures vanquished.

Notes
Turn   | Place    | Note
-------+----------+-------------------------------------------
     0 | D:1      | Naow the Formicid Fighter began the quest for the Orb.
     0 | D:1      | Reached XP level 1. HP: 18/18 MP: 1/1
   146 | D:1      | Reached XP level 2. HP: 25/25 MP: 2/2
   518 | D:1      | Reached XP level 3. HP: 30/30 MP: 3/3
   759 | D:2      | Noticed Sigmund
   763 | D:2      | Noticed Jessica
   772 | D:2      | Killed Sigmund
   772 | D:2      | Reached skill level 4 in Shields
   772 | D:2      | Reached XP level 4. HP: 13/38 MP: 4/4
   772 | D:2      | Reached XP level 5. HP: 15/43 MP: 5/5
   775 | D:2      | Reached XP level 6. HP: 20/49 MP: 6/6
   788 | D:2      | Killed Jessica
   788 | D:2      | Reached skill level 5 in Shields
  1101 | D:2      | Noticed Ijyb
  1116 | D:2      | Mangled by Ijyb

Vault maps used:
D:1:      onia_arrival_pyramid, dk_noncrumbling_4
D:2:      kennysheep_vampire_church, first_bread, uniq_iyjb, uniq_jessica,
          uniq_sigmund

Skill      XL: |  1  2  3  4  5  6 |
---------------+-------------------+-----
Fighting       | 4 |  4.7
Axes           | 3 4 |  4.1
Shields        | 4 5 |  5.0
Armour         | |  3.4

Action                   |  1- 3 |  4- 6 || total
-------------------------+-------+-------++-------
Melee: War axe           |    56 |    48 ||   104
       Unarmed           |       |     8 ||     8
  Use: Potion            |     1 |       ||     1
  Eat: Chunk             |       |     1 ||     1
Armor: Scale mail        |    14 |    11 ||    25
       Skin              |       |     3 ||     3
Dodge: Dodged            |    21 |    18 ||    39
Block: Shield            |    33 |    20 ||    53
